 Dungeon Crawl Stone Soup version 0.23.2-40-g277498a001 (webtiles) character file.

Game seed: 16071340018097835093

27640 Htamos the Fighter (level 13, -5/125 HPs)
             Began as a Hill Orc Fighter on Aug 31, 2019.
             Was a High Priest of Beogh.
             Slain by a hellwing (8 damage)
             ... summoned by an orc sorcerer
             ... on level 1 of the Orcish Mines.
             The game lasted 00:40:45 (16452 turns).

Htamos the Fighter (Hill Orc Fighter)              Turns: 16452, Time: 00:40:46

Health: -5/125     AC:  9    Str: 24    XL:     13   Next: 33%
Magic:  9/11       EV:  5    Int:  8    God:    Beogh [*****.]
Gold:   730        SH: 17    Dex: 10    Spells: 8/12 levels left

rFire    + . .     SeeInvis .   Q - +6 broad axe (venom)
rCold    . . .     Gourm    .   x - +0 large shield
rNeg     . . .     Faith    .   M - +0 chain mail {rF+}
rPois    .         Spirit   .   r - +1 helmet
rElec    .         Reflect  .   I - scarf {repulsion}
rCorr    .         Harm     .   (no gloves)
MR       .....                  (no boots)
Stlth    ..........             (no amulet)
HPRegen  0.70/turn              u - ring of wizardry
MPRegen  0.12/turn              n - ring of wizardry

@: corroded, lightly drained, repel missiles
A: walk on water, low mp 1, regeneration 1, evolution 1
a: Smiting, Recall Orcish Followers, Give Item to Named Follower, Renounce
Religion


You were on level 1 of the Orcish Mines.
You worshipped Beogh.
Beogh was extremely pleased with you.
You were not hungry.

You visited 2 branches of the dungeon, and saw 14 of its levels.
You visited 1 bazaar.

You collected 1579 gold pieces.
You spent 849 gold pieces at shops.

Inventory:

Hand Weapons
 a - a +1 war axe
 l - a +3 war axe of holy wrath
 o - a +1 broad axe of freezing
 w - a +1 war axe of freezing
 P - a +1 scimitar of flaming
 Q - a +6 broad axe of venom (weapon)
Armour
 b - a +0 scale mail
 r - a +1 helmet (worn)
 x - a +0 large shield (worn)
 E - a +0 plate armour
 I - a scarf of repulsion (worn)
 M - a +0 chain mail of fire resistance (worn)
Magical Staves
 C - an uncursed staff of energy
 G - an uncursed staff of poison
Jewellery
 n - a ring of wizardry (right hand)
 s - an uncursed ring of positive energy
 u - a ring of wizardry (left hand)
 z - a +4 ring of evasion
 F - a cursed ring of teleportation {unknown}
 H - an uncursed ring of magical power
 J - a +4 ring of intelligence {unknown}
Wands
 p - a wand of random effects (35)
 A - a wand of flame (16)
 K - a wand of digging (3)
Scrolls
 d - 2 scrolls of fog
 e - 4 scrolls of teleportation
 g - 5 scrolls of amnesia
 h - 4 scrolls of immolation
 i - 5 scrolls of blinking
 j - 7 scrolls of identify
 k - 2 scrolls of enchant armour
 y - 2 scrolls of remove curse
Potions
 m - 2 potions of flight
 q - a potion of resistance
 t - 2 potions of curing
 v - a potion of cancellation
Miscellaneous
 B - a box of beasts
 L - a lightning rod (1/4)
 N - a phial of floods
 O - a sack of spiders
Comestibles
 f - 31 rations


   Skills:
 * Level 14.6(13.9) Fighting
 + Level 11.8(11.2) Axes
 + Level 10.3(9.7) Armour
 + Level 10.4(9.7) Shields
 + Level 7.3(6.7) Summonings
 + Level 6.0(5.4) Air Magic


You had 8 spell levels left.
You knew the following spells:

 Your Spells              Type           Power        Failure   Level  Hunger
a - Summon Lightning Spi  Summ/Air       #.......     96%         4    #####..

Your spell library contained the following spells:

 Spells                   Type           Power        Failure   Level  Hunger
 Summon Small Mammal      Summ           ##..         26%         1    ##.....
 Call Imp                 Summ           ##......     36%         2    ###....
 Call Canine Familiar     Summ           ##......     58%         3    ####...
 Shock                    Conj/Air       #...         78%         1    ##.....
 Swiftness                Chrm/Air       #.......     88%         2    ###....
 Summon Guardian Golem    Hex/Summ       #.......     95%         3    ####...
 Sting                    Conj/Pois      #...         98%         1    ##.....
 Static Discharge         Conj/Air       #.......     98%         3    ####...
 Airstrike                Air            #.........   98%         4    #####..
 Throw Frost              Conj/Ice       #.....       99%         2    ###....
 Conjure Flame            Conj/Fire      #.......     100%        3    ####...
 Summon Ice Beast         Ice/Summ       #.......     100%        4    #####..
 Fireball                 Conj/Fire      #.........   100%        5    ######.
 Lightning Bolt           Conj/Air       #.........   100%        5    ######.
 Death Channel            Necr           #.........   100%        6    #######


Dungeon Overview and Level Annotations

Branches:
Dungeon (12/15)            Temple (0/1) D:5            Lair (0/6) D:9
    Orc (2/2) D:12            Elf (0/3) Orc:2

Altars:
Dithmenos
Elyvilon
Fedhas
Gozag
Kikubaaqudgha
Makhleb
Nemelex Xobeh
Qazlal
Ru
Trog
Uskayaw
Wu Jian
Xom
Yredelemnul
Zin
The Shining One
Beogh

Shops:
D:2 *   Orc:2 [

Annotations:
D:6 exclusion: downstairs
Orc:1 Maurice


Innate Abilities, Weirdness & Mutations

You can walk on water.
Your magical capacity is low. (-10% MP)
Your natural rate of healing is unusually fast.
You evolve.


Message History

The orc sorcerer casts a spell.
You block the orc high priest's attack. The troll bites your orc warrior.
Your orc warrior dies!
Your orc wizard gestures wildly while chanting.
Your orc wizard blinks!
Something blocks Morbeogh's attack.
Unknown command.
Unknown command.
You feel better. You block the warg's attack.
Your orc warrior barely misses something.
Your orc warrior hits the orc warrior with a +0 war axe.
Something hits you but does no damage.
You feel drained.
Your orc wizard barely misses something.
You block the orc high priest's attack.
The orc warrior completely misses your orc warrior.
The warg bites you!
* * * LOW HITPOINT WARNING * * *
The hellwing swoops through the air toward you!
The hellwing hits you!
You die...

..#...#......
.....$.o....##
.............#.
.........^§.#..
.............#.
...............
#..$o4.......
#..o@T...#
......o{h....#
.....ooo.oo....
#.h............
.#..#≈§≈≈#.o#§≈
..o..§≈≈≈#..# ≈
.....§≈h≈# .#
.....§≈§.# .#


You could see an orc knight, an orc high priest, a hellwing, a troll, 3 wargs,
an orc sorcerer, an orc warrior, a friendly orc warrior, the friendly Morbeogh
the orc warrior, a friendly orc priest, 2 friendly orc wizards and 2 friendly
orcs.

Vanquished Creatures
  Kirke (D:12)
  Josephine (D:10)
  Snorg (D:12)
  2 two-headed ogres
  A centaur warrior (D:8)
  2 skeletal warriors (D:11)
  An unseen horror (D:12)
  A glowing orange brain (shapeshifter) (D:12)
  Pikel (D:6)
  An orc sorcerer (Orc:2)
  2 trolls
  Prince Ribbit (D:9)
  5 slime creatures (D:12)
  A hippogriff (D:7)
  Grinder (D:6)
  A wraith (D:10)
  A spriggan (D:7)
  A yak (D:9)
  A shadow (D:8)
  A hungry ghost (D:7)
  A vampire mosquito (D:12)
  2 wargs (Orc:2)
  3 sky beasts
  2 black bears (D:8)
  17 orc warriors
  A phantom (D:8)
  3 ice beasts
  5 ogres
  10 centaurs
  A crocodile (D:12)
  7 big kobolds
  5 bullfrogs
  A wyvern zombie (D:12)
  A scorpion (D:7)
  13 killer bees
  3 wights (D:7)
  3 howler monkeys
  3 crimson imps
  A bullfrog zombie (D:5)
  4 hounds
  14 orc priests
  A bullfrog skeleton (D:5)
  3 centaur skeletons
  2 jellies
  8 orc wizards
  4 iguanas
  5 worker ants
  A centaur simulacrum (D:12)
  A hound skeleton (D:8)
  2 worker ant zombies
  13 gnolls
  9 adders
  2 shadow imps
  3 oozes
  4 adder skeletons
  3 worms
  3 dart slugs (D:1)
  4 leopard geckos
  32 orcs
  6 bats
  5 giant cockroaches
  5 goblins
  7 hobgoblins
  7 jackals
  6 quokkas
  5 frilled lizards
  2 jackal skeletons
  10 kobolds
  A leopard gecko skeleton (D:5)
  A quokka skeleton (D:4)
  A quokka zombie (D:6)
  3 rats
286 creatures vanquished.

Vanquished Creatures (collateral kills)
  2 orc warlords (Orc:2)
  A slime creature (D:12)
  Erolcha (D:12)
  A hydra (D:11)
  Erica (D:11)
  A two-headed ogre (D:10)
  3 orc high priests (Orc:2)
  Nergalle (D:11)
  3 skeletal warriors (D:11)
  An obsidian statue (D:12)
  5 orc knights
  An orc sorcerer (Orc:2)
  A manticore (D:12)
  A troll (Orc:2)
  A hippogriff (D:12)
  A shadow (D:11)
  2 yaks (D:9)
  3 wraiths (D:10)
  A hog (D:12)
  2 wargs (Orc:2)
  A soldier ant (D:12)
  2 ice beasts
  18 orc warriors
  4 ogres
  2 centaurs (D:12)
  A bullfrog (D:12)
  9 killer bees
  A crimson imp (D:12)
  A centaur skeleton (D:9)
  A centaur zombie (D:10)
  4 orc wizards
  6 orc priests
  2 hounds
  A howler monkey skeleton (D:10)
  2 adders
  14 orcs
  5 kobolds
107 creatures vanquished.

Vanquished Creatures (others)
  3 orc knights
  2 orc high priests
  8 orc priests
  2 humans (D:12)
  18 orc warriors
  7 orc wizards
  73 orcs
  A frilled lizard (D:3)
  8 plants (D:12)
122 creatures vanquished.

Grand Total: 515 creatures vanquished

Notes
Turn   | Place    | Note
-------+----------+-------------------------------------------
     0 | D:1      | Htamos the Hill Orc Fighter began the quest for the Orb.
     0 | D:1      | Reached XP level 1. HP: 19/19 MP: 1/1
   208 | D:1      | Reached XP level 2. HP: 19/27 MP: 2/2
   592 | D:1      | Reached skill level 4 in Fighting
   906 | D:2      | Found a shadowy altar of Dithmenos.
   929 | D:2      | Reached XP level 3. HP: 32/33 MP: 3/3
  1067 | D:2      | Found Gozag's Platinum Reserve.
  1069 | D:2      | Found an opulent altar of Gozag.
  1086 | D:2      | Found an opulent altar of Gozag.
  1292 | D:2      | Found a white marble altar of Elyvilon.
  1313 | D:2      | Reached XP level 4. HP: 27/41 MP: 4/4
  1715 | D:3      | Reached XP level 5. HP: 36/47 MP: 5/5
  2047 | D:3      | Reached skill level 5 in Fighting
  2209 | D:3      | Became a worshipper of Beogh the Brigand
  2914 | D:4      | Found a glowing silver altar of Zin.
  2915 | D:4      | Found a sacrificial altar of Ru.
  2937 | D:4      | Reached XP level 6. HP: 56/56 MP: 6/6
  3377 | D:4      | Found a blossoming altar of Fedhas.
  3516 | D:5      | Entered Level 5 of the Dungeon
  3646 | D:5      | Reached * piety under Beogh
  4152 | D:5      | Reached skill level 6 in Fighting
  4168 | D:5      | Found a staircase to the Ecumenical Temple.
  4208 | D:5      | Reached XP level 7. HP: 41/63 MP: 7/7
  4353 | D:5      | Reached skill level 5 in Axes
  4415 | D:5      | Reached skill level 5 in Armour
  4415 | D:5      | Reached skill level 5 in Shields
  4471 | D:5      | Found a hide-covered altar of Uskayaw.
  4541 | D:5      | Reached skill level 7 in Fighting
  4889 | D:5      | Found a glowing golden altar of the Shining One.
  4964 | D:6      | Reached XP level 8. HP: 73/73 MP: 8/8
  5294 | D:6      | Noticed Pikel
  5328 | D:6      | Killed Pikel
  5328 | D:6      | Reached skill level 8 in Fighting
  5497 | D:6      | Noticed Grinder
  5503 | D:6      | Reached skill level 9 in Fighting
  5503 | D:6      | Reached XP level 9. HP: 62/83 MP: 9/9
  5734 | D:6      | Found a burning altar of Makhleb.
  5774 | D:6      | Paralysed by Grinder for 7 turns
  5790 | D:6      | Killed Grinder
  5790 | D:6      | Reached ** piety under Beogh
  5958 | D:6      | Found a basalt altar of Yredelemnul.
  5968 | D:6      | Learned a level 4 spell: Summon Lightning Spire
  5974 | D:6      | Found a bloodstained altar of Trog.
  6097 | D:7      | Found an ancient bone altar of Kikubaaqudgha.
  6228 | D:6      | Reached skill level 1 in Summonings
  6340 | D:7      | Found a shimmering altar of Xom.
  6413 | D:7      | Reached skill level 1 in Air Magic
  6507 | D:7      | Reached skill level 10 in Fighting
  7186 | D:7      | Found a sparkling altar of Nemelex Xobeh.
  7315 | D:8      | Found a stormy altar of Qazlal.
  7379 | D:8      | Reached XP level 10. HP: 88/94 MP: 10/10
  7847 | D:8      | Noticed a centaur warrior
  7853 | D:8      | Killed a centaur warrior
  7853 | D:8      | Reached skill level 11 in Fighting
  7878 | D:8      | Reached *** piety under Beogh
  8090 | D:8      | Found a bloodstained altar of Trog.
  8608 | D:9      | Found a staircase to the Lair.
  8664 | D:9      | Found an ornate altar of the Wu Jian Council.
  9521 | D:9      | Reached XP level 11. HP: 57/104 MP: 11/11
  9810 | D:9      | Noticed a two-headed ogre
  9816 | D:9      | Killed a two-headed ogre
 10064 | D:9      | Noticed Prince Ribbit
 10078 | D:9      | Killed Prince Ribbit
 10219 | D:10     | Entered Level 10 of the Dungeon
 10219 | D:10     | Noticed a two-headed ogre
 10229 | D:10     | Killed a two-headed ogre
 10229 | D:10     | Reached skill level 12 in Fighting
 10395 | D:10     | Reached **** piety under Beogh
 10834 | D:10     | Noticed Josephine
 10844 | D:10     | Killed Josephine
 11573 | D:11     | Noticed Erica
 11580 | D:11     | Killed Erica
 11580 | D:11     | Reached skill level 10 in Axes
 11594 | D:11     | Noticed a skeletal warrior
 11594 | D:11     | Noticed a skeletal warrior
 11594 | D:11     | Noticed a skeletal warrior
 11594 | D:11     | Noticed a skeletal warrior
 11595 | D:11     | Noticed a skeletal warrior
 11598 | D:11     | Killed a skeletal warrior
 11598 | D:11     | Reached skill level 5 in Summonings
 11599 | D:11     | Killed a skeletal warrior
 11602 | D:11     | Killed a skeletal warrior
 11605 | D:11     | Killed a skeletal warrior
 11606 | D:11     | Killed a skeletal warrior
 11831 | D:11     | Noticed an eight-headed hydra
 11837 | D:11     | Killed a seven-headed hydra
 12041 | D:11     | Reached ***** piety under Beogh
 12047 | D:11     | Reached XP level 12. HP: 101/113 MP: 12/12
 12096 | D:11     | Reached skill level 13 in Fighting
 12509 | D:11     | Noticed Nergalle
 12520 | D:11     | Killed Nergalle
 12747 | D:12     | Noticed Erolcha
 12755 | D:12     | Paralysed by Erolcha for 4 turns
 12758 | D:12     | Killed Erolcha
 13043 | D:12     | Found a gateway to a bazaar.
 13056 | Bazaar   | Entered a bazaar
 13056 | Bazaar   | Found Pishrugay's Antique Armour Shoppe.
 13056 | Bazaar   | Found Uggajoyph's Food Shoppe.
 13056 | Bazaar   | Found Joewuepo's Gadget Emporium.
 13058 | Bazaar   | Found Cecisifu's Antique Weapon Emporium.
 13072 | Bazaar   | Bought a runed broad axe for 196 gold pieces
 13078 | Bazaar   | Bought a pair of crude gloves for 209 gold pieces
 13081 | Bazaar   | Bought a ration for 45 gold pieces
 13081 | Bazaar   | Bought a ration for 45 gold pieces
 13081 | Bazaar   | Bought a ration for 45 gold pieces
 13081 | Bazaar   | Bought a ration for 45 gold pieces
 13089 | Bazaar   | Identified the cursed -5 pair of gloves of the Falcon
                  | {Dex+2} (You bought it in a shop in a bazaar)
 13462 | D:12     | Found a roughly hewn altar of Beogh.
 13943 | D:12     | Reached skill level 5 in Air Magic
 13972 | D:12     | Noticed Kirke
 13988 | D:12     | Killed Kirke
 14120 | D:12     | Noticed a two-headed ogre
 14127 | D:12     | Killed a two-headed ogre
 14358 | D:12     | HP: 1/116 [titanic slime creature (90)]
 14810 | D:12     | Noticed Snorg
 14817 | D:12     | Gained mutation: Your magical capacity is low. (-10% MP)
                  | [potion of mutation]
 14817 | D:12     | Gained mutation: You evolve. [potion of mutation]
 14827 | D:12     | Killed Snorg
 15206 | D:12     | Found a staircase to the Orcish Mines.
 15216 | D:12     | Reached skill level 14 in Fighting
 15239 | D:12     | Reached skill level 10 in Shields
 15334 | D:12     | Gained mutation: Your natural rate of healing is unusually
                  | fast. [evolution]
 15437 | D:12     | Identified the +9 scimitar "Ilicw" {slice, rPois rF- Dex+4}
 15456 | D:12     | Gained Dorog as an ally
 15500 | Orc:1    | Entered Level 1 of the Orcish Mines
 15509 | Orc:1    | Found a roughly hewn altar of Beogh.
 15514 | Orc:1    | Your ally Dorog died
 15516 | Orc:1    | Reached skill level 10 in Armour
 15626 | Orc:2    | Entered Level 2 of the Orcish Mines
 15627 | Orc:2    | Found Kialogys's Antique Armour Boutique.
 15652 | Orc:2    | Bought a glowing scarf for 264 gold pieces
 15719 | Orc:2    | Found a staircase to the Elven Halls.
 15809 | Orc:2    | Reached XP level 13. HP: 94/124 MP: 11/11
 15899 | Orc:2    | Gained Oreg as an ally
 16021 | Orc:2    | Noticed an orc warlord
 16026 | Orc:2    | Noticed an orc warlord
 16038 | Orc:2    | Your ally Oreg died
 16041 | Orc:2    | Killed an orc warlord
 16050 | Orc:2    | Killed an orc warlord
 16194 | Orc:2    | Identified Ycligy's Incunabulum of Doomed Battle Magic
 16387 | Orc:2    | Gained Boldo as an ally
 16390 | Orc:2    | Your ally Boldo died
 16419 | Orc:2    | Gained Morbeogh as an ally
 16445 | Orc:1    | Noticed Maurice
 16451 | Orc:1    | HP: 2/125 [acid (16)]
 16452 | Orc:1    | Slain by a hellwing

Skill      XL: |  1  2  3  4  5  6  7  8  9 10 11 12 13 |
---------------+----------------------------------------+-----
Axes           | 3 4 5 7 8 9 10 11 | 11.8
Fighting       | 4 5 6 7 9 10 11 12 14 | 14.6
Armour         | 4 5 6 7 8 9 10 | 10.3
Shields        | 4 5 6 7 8 9 10 | 10.4
Summonings     | 2 4 5 6 7 |  7.3
Air Magic      | 1 3 4 5 6 |  6.0

Action                   |  1- 3 |  4- 6 |  7- 9 | 10-12 | 13-15 || total
-------------------------+-------+-------+-------+-------+-------++-------
Melee: War axe           |    95 |   225 |   288 |   373 |       ||   981
       Scimitar          |       |       |       |     3 |       ||     3
       Broad axe         |       |       |       |   154 |    44 ||   198
Invok: Convert to Beogh  |       |     1 |       |       |       ||     1
       Smiting           |       |       |       |     4 |     1 ||     5
       Recall Orcish Fol |       |       |       |       |     2 ||     2
Evoke: Wand              |       |       |    12 |    29 |     1 ||    42
       Lightning rod     |       |       |       |     5 |     1 ||     6
       Phantom mirror    |       |       |       |     1 |       ||     1
  Use: Scroll            |       |     8 |     3 |     9 |     1 ||    21
       Potion            |       |       |     5 |     6 |     3 ||    14
 Stab: Paralysed         |       |       |     1 |     1 |       ||     2
       Distracted        |       |       |       |     7 |     1 ||     8
  Eat: Chunk             |     1 |    10 |    11 |    19 |       ||    41
       Ration            |       |       |     2 |     3 |       ||     5
Armor: Scale mail        |    34 |    88 |    65 |       |       ||   187
       Plate armour      |       |       |    20 |    24 |       ||    44
       Chain mail        |       |       |       |   180 |    14 ||   194
       Skin              |       |       |       |     1 |       ||     1
Dodge: Dodged            |    24 |    57 |    45 |    87 |     6 ||   219
       Deflected         |       |       |       |       |     1 ||     1
Block: Shield            |    44 |    94 |       |       |       ||   138
       Large shield      |       |    23 |   206 |   454 |    34 ||   717
